 Dungeon Crawl Stone Soup version 0.29.1-1-gd02db6906a (webtiles) character file.

Game seed: 16083447664346396276

539 Sylpheed74 the Digger (level 7, -5/36 HPs)
             Began as a Gargoyle Earth Elementalist on Sept 22, 2022.
             Was an Initiate of Vehumet.
             Slain by an iguana (10 damage)
             ... on level 6 of the Dungeon.
             The game lasted 00:24:34 (7447 turns).

Sylpheed74 the Digger (Gargoyle Earth Elementalist) Turns: 7447, Time: 00:24:34

Health: -5/36      AC:  6    Str: 11    XL:     7   Next: 26%
Magic:  5/14       EV: 11    Int: 18    God:    Vehumet [......]
Gold:   235        SH:  0    Dex: 10    Spells: 15/16 levels left

rFire   . . .      SeeInvis .   q - staff of conjuration
rCold   . . .      Faith    .   (no shield)
rNeg    + . .      Spirit   .   a - +0 robe
rPois   ∞          Reflect  .   (no helmet)
rElec   +          Harm     .   (no cloak)
rCorr   +          Rampage  .   (no gloves)
Will    .....                   (no boots)
Stlth   ++........              (no amulet)
HPRegen 0.12/turn               h - ring of resist corrosion
MPRegen 0.14/turn               (no ring)

@: no status effects
A: sickness immunity, AC +4, negative energy resistance 1, electricity
resistance, torment resistance 1, petrification resistance
a: Renounce Religion


You were on level 6 of the Dungeon.
You worshipped Vehumet.
Vehumet was noncommittal.
You visited 2 branches of the dungeon, and saw 7 of its levels.

You collected 235 gold pieces.

Inventory:

Missiles
 c - 36 stones
 y - 5 poisoned darts
Armour
 a - a +0 robe (worn)
Magical Staves
 q - a staff of conjuration (weapon)
Jewellery
 h - a ring of resist corrosion (left hand)
 w - a ring of ice
Wands
 r - a wand of flame (12)
Scrolls
 e - 2 scrolls of teleportation {unknown}
 g - 2 scrolls of enchant armour {unknown}
 l - 2 scrolls of blinking {unknown}
 m - a scroll of immolation {unknown}
 n - 2 scrolls of magic mapping {unknown}
 o - a scroll of enchant weapon {unknown}
 s - 2 scrolls of fear {unknown}
 t - a scroll of poison {unknown}
 u - a scroll of noise {unknown}
 x - a scroll of fog {unknown}
Potions
 b - a potion of magic
 d - 3 potions of heal wounds
 f - 4 potions of might
 j - 2 potions of attraction
 k - a potion of ambrosia
 p - 4 potions of curing
 v - a potion of invisibility {unknown}
 z - 2 potions of degeneration


   Skills:
 - Level 3.0 Throwing
 - Level 1.5 Dodging
 - Level 2.1 Stealth
 * Level 5.2 Spellcasting
 - Level 0.7 Transmutations
 + Level 5.8 Earth Magic


You had 15 spell levels left.
You knew the following spells:

 Your Spells              Type           Power      Damage    Failure   Level
a - Sandblast             Erth           50%        2d12      1%          1

Your spell library contained the following spells:

 Spells                   Type           Power      Damage    Failure   Level
 Passwall                 Tmut/Erth      13%        N/A       5%          2
 Stone Arrow              Conj/Erth      44%        3d9       12%         3
 Blink                    Tloc           8%         N/A       21%         2
 Petrify                  Tmut/Erth      16%        N/A       34%         4
 Lesser Beckoning         Tloc           4%         N/A       36%         3
 Manifold Assault         Tloc           4%         N/A       98%         5


Dungeon Overview and Level Annotations

Branches:
Dungeon (6/15)             Temple (1/1) D:5

Altars:
Ashenzari
Cheibriados
Elyvilon
Fedhas
Gozag
Hepliaklqana
Makhleb
Nemelex Xobeh
Okawaru
Qazlal
Ru
Sif Muna
Uskayaw
Vehumet
Wu Jian
Xom
Yredelemnul
Zin
The Shining One

Annotations:
D:4 Eustachio


Innate Abilities, Weirdness & Mutations

You are immune to sickness and miasma.
Your stone body is resilient. (AC +4)
You are immune to poison.
You resist negative energy. (rN+)
You are resistant to electric shocks. (rElec)
You are resistant to unholy torment.
You are immune to petrification.


Message History

Aiming: Sandblast (safe; 1% risk of failure)
Press: ? - help, Shift-Dir - straight line, f/p - iguana
Aim: an iguana (lightly wounded, 85% to hit)
The blast of sand hits the iguana but does no damage.
The iguana is lightly wounded.
The iguana bites you. The iguana closely misses you.
Casting: Sandblast (safe; 1% risk of failure)
Confirm with . or Enter, or press ? or * to list all spells.
Aiming: Sandblast (safe; 1% risk of failure)
Press: ? - help, Shift-Dir - straight line, f/p - iguana
Aim: an iguana (lightly wounded, 85% to hit)
The blast of sand hits the iguana!
The iguana is almost dead.
The iguana barely misses you.
Casting: Sandblast (safe; 1% risk of failure)
Confirm with . or Enter, or press ? or * to list all spells.
Aiming: Sandblast (safe; 1% risk of failure)
Press: ? - help, Shift-Dir - straight line, f/p - iguana
Aim: an iguana (almost dead, 85% to hit)
The blast of sand misses the iguana.
The iguana barely misses you. The iguana bites you.
Casting: Sandblast (safe; 1% risk of failure)
Confirm with . or Enter, or press ? or * to list all spells.
Aiming: Sandblast (safe; 1% risk of failure)
Press: ? - help, Shift-Dir - straight line, f/p - iguana
Aim: an iguana (almost dead, 85% to hit)
The blast of sand hits the iguana.
The iguana is almost dead.
The iguana bites you.
Casting: Sandblast (safe; 1% risk of failure)
Confirm with . or Enter, or press ? or * to list all spells.
Aiming: Sandblast (safe; 1% risk of failure)
Press: ? - help, Shift-Dir - straight line, f/p - iguana
Aim: an iguana (almost dead, 85% to hit)
The blast of sand hits the iguana but does no damage.
The iguana is almost dead.
The iguana bites you.
* * * LOW HITPOINT WARNING * * *
The iguana bites you!
You die...

#..# #.#
#.#####..# #.#
#........###.#
#######......# #
##.##### ##.# #.#
..... #.#
......#########.#
#..l@.......#
#############


You could see an iguana.

Vanquished Creatures
  An ogre (D:5)
  A centaur (D:6)
  2 necrophages
  3 iguanas
  6 gnolls
  6 adders
  An ufetubus (D:6)
  A worm (D:3)
  4 dart slugs
  An orc (D:3)
  5 endoplasms
  3 giant cockroaches
  6 goblins
  4 hobgoblins
  6 jackals
  5 quokkas
  A ball python (D:3)
  2 bats
  3 frilled lizards (D:2)
  4 kobolds
  5 rats
70 creatures vanquished.

Notes
Turn   | Place    | Note
-------+----------+-------------------------------------------
     0 | D:1      | Sylpheed74 the Gargoyle Earth Elementalist began the quest
                  | for the Orb.
     0 | D:1      | Reached XP level 1. HP: 10/10 MP: 3/3
   109 | D:1      | Found a faded altar of an unknown god.
   430 | D:1      | Reached XP level 2. HP: 15/15 MP: 1/5
   678 | D:1      | Reached skill level 1 in Throwing
   908 | D:2      | Reached XP level 3. HP: 19/19 MP: 2/6
  2972 | D:2      | Reached XP level 4. HP: 15/24 MP: 4/8
  4200 | D:3      | Reached XP level 5. HP: 28/28 MP: 4/9
  4648 | D:5      | Entered Level 5 of the Dungeon
  5030 | D:4      | Reached XP level 6. HP: 32/32 MP: 6/11
  5139 | D:4      | Noticed Eustachio
  5300 | D:5      | Found a hide-covered altar of Uskayaw.
  5726 | D:5      | Found a broken altar of Ashenzari.
  5729 | D:5      | Reached skill level 5 in Earth Magic
  5958 | D:5      | Found an iron altar of Okawaru.
  6007 | D:5      | Found a staircase to the Ecumenical Temple.
  6103 | Temple   | Entered the Ecumenical Temple
  6309 | Temple   | Became a worshipper of Vehumet
  6702 | D:5      | Found a basalt altar of Yredelemnul.
  6715 | D:5      | Found a burning altar of Makhleb.
  6851 | D:6      | Reached skill level 5 in Spellcasting
  6851 | D:6      | Reached XP level 7. HP: 15/36 MP: 9/14
  7447 | D:6      | Slain by an iguana

Illustrated notes

Levels and vault maps discovered:
D:1:      dpeg_arrival_rhombus, layout_basic, chequers_ecumenical_altar_island,
          minmay_fountain_box, supply_closet_lemuel
D:2:      layout_basic, minmay_misc_feat_columns, kennysheep_generic_room_12
D:3:      layout_basic, serial_rivers, chequers_serial_rivers_micro_a,
          chequers_serial_rivers_room_b, chequers_serial_rivers_small_3,
          chequers_serial_rivers_small_3
D:4:      layout_loops_ring, nicolae_dithmenos_the_darkroom, uniq_eustachio
D:5:      layout_layer_cave, evilmike_ruin_ashenzari,
          nicolae_overflow_crystal_walls, mainiacjoe_overflow_swirl,
          okawaru_trees_1, minmay_temple_entry_wispy
D:6:      layout_loops_corners, minmay_quadrilaterals
Temple:   dpeg_chambers_temple

Skill      XL: |  1  2  3  4  5  6 |
---------------+-------------------+-----
Throwing       | 1 2 3 |  3.0
Earth Magic    | 4 5 |  5.8
Spellcasting   | 3 5 |  5.2
Dodging        | |  1.5
Stealth        | |  2.1
Transmutations | |  0.7

Action                   |  1- 3 |  4- 6 |  7- 9 || total
-------------------------+-------+-------+-------++-------
Melee: Unarmed           |     1 |       |       ||     1
Throw: Stone             |       |     1 |       ||     1
 Cast: Sandblast         |    49 |    70 |    20 ||   139
  Use: Scroll            |       |       |     6 ||     6
Armor: Robe              |     8 |     7 |     6 ||    21
Dodge: Dodged            |    12 |    25 |    11 ||    48
